 Dungeon Crawl Stone Soup version 0.28-a0-906-g0406aca7d3 (webtiles) character file.

Game seed: 13069459861405794288

57 siradein the Vexing (level 3, 0/20 HPs)
             Began as a Deep Elf Arcane Marksman on Nov 23, 2021.
             Succumbed to an adder's poison
             ... on level 2 of the Dungeon.
             The game lasted 00:06:47 (1871 turns).

siradein the Vexing (Deep Elf Arcane Marksman)      Turns: 1871, Time: 00:06:48

Health: 0/20       AC:  4    Str:  7    XL:     3   Next: 73%
Magic:  6/8        EV: 12    Int: 18    God:
Gold:   79         SH:  0    Dex: 15    Spells: 2/6 levels left

rFire   . . .      SeeInvis .   a - +0 shortbow
rCold   . . .      Faith    .   (shield currently unavailable)
rNeg    . . .      Spirit   .   h - +0 leather armour
rPois   .          Reflect  .   (no helmet)
rElec   .          Harm     .   (no cloak)
rCorr   .          Rampage  .   (no gloves)
Will    .....                   e - +0 pair of boots
Stlth   +.........              (no amulet)
HPRegen 0.06/turn               (no ring)
MPRegen 0.11/turn               (no ring)

@: lethally poisoned (0 -> -4)
A: no striking features
a: no special abilities


You were on level 2 of the Dungeon.
You visited 1 branch of the dungeon, and saw 2 of its levels.

You collected 79 gold pieces.

Inventory:

Hand Weapons
 a - a +0 shortbow (weapon)
 k - a +0 hunting sling
Missiles
 b - 4 javelins
 c - 31 arrows (quivered ammo)
 f - 38 sling bullets
 g - 60 stones
Armour
 e - a +0 pair of boots (worn)
 h - a +0 leather armour (worn)
Scrolls
 d - 3 scrolls of identify {unknown}
 l - a scroll of vulnerability {unknown}
Potions
 i - 2 potions of brilliance {unknown}
 j - a potion of lignification {unknown}
 m - a potion of mutation {unknown}


   Skills:
 + Level 1.3 Fighting
 + Level 3.4 Bows
 + Level 3.1 Dodging
 + Level 2.4 Spellcasting
 + Level 4.5 Hexes
 + Level 0.1 Fire Magic


You had 2 spell levels left.
You knew the following spells:

 Your Spells              Type           Power      Damage    Failure   Level
a - Slow                  Hex            72%        N/A       4%          1
b - Inner Flame           Hex/Fire       10%        N/A       30%         3

Your spell library contained the following spells:

 Spells                   Type           Power      Damage    Failure   Level
 Portal Projectile        Hex/Tloc       20%        N/A       30%         3
 Cause Fear               Hex            9%         N/A       36%         4


Dungeon Overview and Level Annotations

Branches:
Dungeon (2/15)

Altars:


Message History

You are too injured to fight recklessly!
You are too injured to fight recklessly!
You are too injured to fight recklessly!
You are too injured to fight recklessly!
You are too injured to fight recklessly!
Casting: Slow (safe; 4% risk of failure)
Confirm with . or Enter, or press ? or * to list all spells.
Aiming: Slow (safe; 4% risk of failure)
Press: ? - help, Shift-Dir - straight line, f/p - adder
Aim: an adder (heavily wounded, chance to affect: 65%)
The adder struggles to resist.
You feel sick. The adder barely misses you.
a - a +0 shortbow (weapon)
You feel sick. The adder barely misses you.
Fire: 35 arrows
Press: ? - help, Q - select action, (/) - cycle Shift-Dir - straight line, f/p - adder
Aim: an adder (heavily wounded, 40% to hit)
You shoot an arrow. The arrow barely misses the adder.
You feel sick. The adder bites you.
* * * LOW HITPOINT WARNING * * *
You are lethally poisoned!
The adder poisons you!
Fire: 34 arrows
Press: ? - help, Q - select action, (/) - cycle Shift-Dir - straight line, f/p - adder
Aim: an adder (heavily wounded, 40% to hit)
You shoot an arrow.
The arrow hits the adder but does no damage.
The adder is heavily wounded.
* * * LOW HITPOINT WARNING * * *
You feel sick. The adder closely misses you. The adder barely misses you.
Fire: 33 arrows
Press: ? - help, Q - select action, (/) - cycle Shift-Dir - straight line, f/p - adder
Aim: an adder (heavily wounded, 40% to hit)
You shoot an arrow. The arrow misses the adder.
* * * LOW HITPOINT WARNING * * *
You feel sick. The adder bites you but does no damage.
Fire: 32 arrows
Press: ? - help, Q - select action, (/) - cycle Shift-Dir - straight line, f/p - adder
Aim: an adder (heavily wounded, 40% to hit)
You shoot an arrow. The arrow misses the adder.
You die...

#####.#####.#
#...........†.†....
#.# #.#
#...###########....
#.# #.# #####
#...... #.# #.#
#..#.## #.#####.###
#..#.# #.....<...#
#..#.#
#####.###.###
.....# #.
#...########
.#..### #
#...@S.....(..
#.....#.........
################


You could see an adder.

Vanquished Creatures
  An adder (D:2)
  An adder skeleton (D:2)
  2 worms (D:2)
  A dart slug (D:2)
  2 ball pythons (D:1)
  2 bats (D:2)
  4 endoplasms
  A giant cockroach (D:2)
  2 hobgoblins
  9 jackals
  2 kobolds (D:1)
  A quokka (D:1)
  A frilled lizard (D:2)
  2 goblins
  2 rats (D:2)
33 creatures vanquished.

Notes
Turn   | Place    | Note
-------+----------+-------------------------------------------
     0 | D:1      | siradein the Deep Elf Arcane Marksman began the quest for
                  | the Orb.
     0 | D:1      | Reached XP level 1. HP: 11/11 MP: 5/5
   305 | D:1      | Reached skill level 1 in Fighting
   345 | D:1      | Reached XP level 2. HP: 11/16 MP: 6/6
   693 | D:1      | Found a faded altar of an unknown god.
  1184 | D:2      | Reached XP level 3. HP: 18/20 MP: 8/8
  1712 | D:2      | Learned a level 3 spell: Inner Flame
  1870 | D:2      | HP: 1/20 [poisoned by an adder]
  1871 | D:2      | Succumbed to an adder's poison

Illustrated notes

Levels and vault maps discovered:
D:1:      wander_arrival_lonely_grave, layout_loops_ring,
          shapermc_ecumenical_altar_gd
D:2:      layout_loops_ring

Skill      XL: |  1  2  3 |
---------------+----------+-----
Fighting       | 1 |  1.3
Bows           | 3 |  3.4
Spellcasting   | 2 |  2.4
Dodging        | 3 |  3.1
Hexes          | |  4.5
Fire Magic     | |  0.1

Action                   || total
-------------------------++-------
 Fire: Shortbow          ||    26
       Hunting sling     ||   133
 Cast: Slow              ||    31
Armor: Leather armour    ||    28
Dodge: Dodged            ||    63

Table legend: (Time is in decaauts)
 A = Elapsed time spent in this place.
 B = Non-inter-level travel time spent in this place.
 C = Inter-level travel time spent in this place.
 D = Time resting spent in this place.
 E = Time spent auto-exploring this place.
 F = Levels seen in this place.
 G = Mean time per level.
                   A        B        C        D        E       F      G
               +--------+--------+--------+--------+--------+-----+--------+
         Total |   1900 |   1876 |     24 |      0 |   1460 |   2 |  950.0 |
       Dungeon |   1900 |   1876 |     24 |      0 |   1460 |   2 |  950.0 |
               +--------+--------+--------+--------+--------+-----+--------+

Top non-repeatable levels by time:
     D:1: 964 daAuts
     D:2: 935 daAuts
